Map: Яганната РВ

Players

SoulSpirit

  • Race: Zerg Zerg
  • League: Master

Hawk - Winner!

  • Race: Protoss Protoss
  • League: Master

VOD

Have the link to the VOD?

Description

Time

  • Played on: April 15, 2021, 7:19 a.m.
  • Length: 10:15
Show
View Real Time Build Order
Export as new Build Order

SoulSpirit Zerg 

Build Orders: Hatch First 

Get SALT Encoding   

  12  0:01  Drone  
  13  0:12  Overlord  
  13  0:18  Drone  
  14  0:30  Drone x2  
  16  0:49  Hatchery  
  15  0:52  Drone  
  15  0:55  Drone  
  17  1:00  Drone  
  18  1:12  Extractor  
  18  1:15  Spawning Pool  
  16  1:18  Drone  
  16  1:21  Drone  
  18  1:28  Drone  
  19  1:39  Drone  
  20  1:49  Drone  
  21  2:01  Queen x2  
  21  2:03  Drone x2  
  27  2:11  Drone, Metabolic Boost  
  27  2:13  Overlord  
  28  2:29  Hatchery  
  27  2:31  Drone  
  27  2:34  Drone  
  27  2:36  Drone  
  30  2:39  Drone  
  31  2:47  Drone, Overlord  
  32  2:52  Queen  
  32  2:55  Zergling x2  
  36  2:58  Drone  
  36  3:07  Drone x2  
  36  3:10  Drone x2  
  36  3:11  Drone x2  
  36  3:12  Overlord  
  42  3:15  Drone  
  43  3:30  Drone  
  43  3:32  Drone x3  
  47  3:34  Queen  
  47  3:40  Overlord  
  49  3:42  Overlord  
  49  3:44  Drone, Queen  
  49  3:47  Drone x2  
  49  3:48  Drone  
  55  3:54  Drone x2, Overlord  
  57  4:02  Lair  
  57  4:09  Drone, Roach Warren, Extractor  
  56  4:10  Drone x3, Extractor  
  56  4:13  Drone x2  
  59  4:17  Drone x2  
  59  4:22  Drone, Queen  
  64  4:26  Drone x2  
  66  4:32  Overlord  
  66  4:33  Drone x3  
  69  4:40  Drone x2, Extractor  
  69  4:42  Drone, Extractor  
  70  4:48  Zergling x6  
  70  4:51  Drone x2  
  75  4:57  Overlord x2  
  75  4:58  Drone x2  
  77  5:02  Drone  
  77  5:04  Hydralisk Den  
  77  5:10  Baneling Nest  
  77  5:11  Hatchery, Queen  
  77  5:14  Queen  
  77  5:18  Drone  
  77  5:20  Drone x3, Extractor  
  82  5:23  Drone  
  82  5:24  Drone, Evolution Chamber  
  82  5:25  Drone  
  82  5:26  Drone  
  85  5:32  Overlord  
  85  5:35  Hydralisk x2  
  85  5:36  Grooved Spines  
  85  5:37  Overlord  
  85  5:38  Hydralisk  
  85  5:41  Hydralisk  
  92  5:44  Hydralisk  
  92  5:47  Queen  
  92  5:49  Overlord x2  
  96  5:53  Hydralisk, Zerg Missile Weapons Level 1  
  96  5:56  Hydralisk  
  100  5:59  Hydralisk  
  100  6:10  Hydralisk x3  
  100  6:11  Hydralisk x2  
  104  6:15  Hydralisk x2  
  102  6:26  Hydralisk  
  102  6:27  Hydralisk x4  
  102  6:29  Hydralisk  
  114  6:33  Hydralisk  
  114  6:38  Hydralisk  
  118  6:40  Hydralisk  
  118  6:41  Hydralisk x2  
  118  6:43  Queen  
  118  6:45  Hydralisk  
  118  6:46  Hydralisk  
  130  6:50  Muscular Augments, Hydralisk  
  130  6:52  Hydralisk  
  134  6:59  Overlord  
  132  7:01  Overlord  
  129  7:13  Hydralisk x5  
  133  7:17  Hydralisk  
  133  7:18  Hydralisk x3  
  133  7:20  Hydralisk  
  141  7:33  Hydralisk x3  
  141  7:35  Zergling x14  
  151  7:45  Overlord x3  
  151  8:02  Queen x2  
  143  8:07  Hydralisk x9  
  149  8:18  Hydralisk x4  
  149  8:19  Hydralisk  
  144  8:22  Hydralisk  
  144  8:32  Hydralisk x3  
  150  8:36  Hydralisk  
  152  8:42  Drone x6  
  148  8:57  Extractor, Hydralisk x3  
  140  9:05  Hydralisk x2  
  140  9:09  Hydralisk, Zergling x2  
  133  9:10  Zergling x6  
  133  9:16  Hydralisk x2  
  136  9:25  Hatchery  
  128  9:32  Hydralisk x4  
  128  9:33  Hydralisk  
  128  9:37  Hydralisk x2  
  120  9:44  Hydralisk x2  
Show
View Real Time Build Order
Export as new Build Order

Hawk Protoss - Winner!

Build Orders: Nexus First, Carriers, Carrier Rush 

Get SALT Encoding   

  12  0:00  Probe  
  13  0:12  Probe  
  14  0:20  Pylon  
  14  0:25  Probe  
  15  0:38  Probe  
  16  0:50  Probe  
  17  1:02  Nexus  
  17  1:04  Probe  
  18  1:15  Gateway  
  18  1:18  Probe (Chrono Boost)  
  19  1:24  Assimilator  
  19  1:30  Probe (Chrono Boost)  
  19  1:31  Assimilator  
  20  1:35  Probe (Chrono Boost)  
  21  1:40  Pylon  
  21  1:44  Probe (Chrono Boost)  
  22  1:53  Probe (Chrono Boost)  
  23  1:58  Probe  
  24  2:03  Cybernetics Core  
  24  2:06  Zealot  
  26  2:12  Probe (Chrono Boost)  
  26  2:14  Probe (Chrono Boost)  
  30  2:23  Probe x2 (Chrono Boost)  
  30  2:28  Probe x2 (Chrono Boost)  
  32  2:39  Stargate  
  32  2:41  Sentry  
  34  2:44  Probe  
  34  2:45  Probe  
  34  2:46  Assimilator  
  34  2:48  Assimilator  
  36  2:54  Shield Battery  
  36  2:57  Probe x2  
  38  3:01  Pylon  
  38  3:09  Probe x2  
  40  3:14  Void Ray (Chrono Boost)  
  40  3:21  Probe x2  
  46  3:27  Protoss Air Weapons Level 1  
  46  3:33  Probe x2  
  48  3:45  Probe x2  
  48  3:47  Fleet Beacon  
  50  3:56  Stargate  
  50  4:02  Probe x2  
  52  4:05  Pylon  
  52  4:17  Nexus  
  52  4:19  Pylon  
  58  4:41  Carrier (Chrono Boost)  
  58  4:42  Carrier (Chrono Boost)  
  58  4:44  Probe  
  58  4:45  Probe  
  66  4:52  Pylon  
  66  4:56  Probe  
  66  4:58  Probe  
  68  5:06  Assimilator  
  68  5:08  Probe  
  68  5:10  Probe  
  68  5:12  Forge, Assimilator  
  68  5:14  Stargate  
  70  5:20  Probe  
  71  5:22  Probe  
  72  5:29  Void Ray x2  
  72  5:32  Probe  
  81  5:36  Probe  
  81  5:40  Probe  
  81  5:42  Shield Battery  
  83  5:43  Protoss Air Weapons Level 2  
  83  5:44  Probe  
  83  5:48  Flux Vanes  
  84  5:50  Probe  
  84  5:54  Photon Cannon  
  84  5:55  Void Ray  
  89  6:15  Void Ray  
  93  6:32  Pylon  
  93  6:37  Pylon  
  93  6:40  Pylon  
  93  6:43  Pylon  
  93  6:46  Photon Cannon  
  93  6:47  Photon Cannon  
  93  6:50  Probe x3  
  96  6:59  Carrier x2 (Chrono Boost)  
  96  7:00  Carrier (Chrono Boost)  
  114  7:25  Probe  
  114  7:26  Probe x2  
  113  7:46  Pylon  
  113  7:47  Carrier (Chrono Boost)  
  113  7:48  Pylon  
  113  7:50  Pylon  
  125  7:51  Pylon  
  121  8:18  Probe  
  93  8:43  Gateway, Nexus  
  93  8:45  Pylon  
  87  9:09  Carrier (Chrono Boost), Probe  
  81  9:21  Probe  
  74  9:33  Probe  
  74  9:50  Probe  
  75  9:54  Cybernetics Core  
  75  9:55  Probe  
  76  10:02  Probe  
Tags
 
Add a new tag
Caveats
  • Supply blocks, unpowered buildings, or Contaminate may cause inaccurate times.
  • Supply counts are checked every 10 seconds.